 Dungeon Crawl Stone Soup version 0.28-a0-1182-g381e24db82 (webtiles) character file.

Game seed: 17984348425654486756

1146 Astera the Chopper (level 8, -30/78 HPs)
             Began as a Troll Fighter on Dec 17, 2021.
             Was an Elder of Elyvilon.
             Killed from afar by an acid dragon (37 damage)
             ... with a splash of acid
             ... on level 5 of the Dungeon.
             The game lasted 00:07:40 (2925 turns).

Astera the Chopper (Troll Fighter)                  Turns: 2925, Time: 00:07:41

Health: -30/78     AC: -1    Str: 27    XL:     8   Next: 15%
Magic:  7/7        EV:  9    Int:  4    God:    Elyvilon [****..]
Gold:   103        SH:  8    Dex:  9    Spells: 7/7 levels left

rFire   . . .      SeeInvis .   a - +1 war axe
rCold   . . .      Faith    .   c - +0 kite shield
rNeg    . . .      Spirit   .   b - +0 robe
rPois   .          Reflect  .   (helmet restricted)
rElec   .          Harm     .   h - +2 cloak
rCorr   .          Rampage  .   (gloves unavailable)
Will    .....                   (boots unavailable)
Stlth   +.........              (no amulet)
HPRegen 1.03/turn               (no ring)
MPRegen 0.10/turn               (no ring)

@: corroded, studying Crossbows
A: large, unfitting armour, claws 3, regeneration 1, shaggy fur 1, tough skin 1
a: Renounce Religion, Purification, Heal Other, Heal Self


You were on level 5 of the Dungeon.
You worshipped Elyvilon.
Elyvilon was greatly pleased with you.
You visited 1 branch of the dungeon, and saw 5 of its levels.

You collected 103 gold pieces.

Inventory:

Hand Weapons
 a - a +1 war axe (weapon)
Armour
 b - a +0 robe (worn)
 c - a +0 kite shield (worn)
 h - a +2 cloak (worn)
Scrolls
 e - a scroll of fog
 g - 9 scrolls of identify
 i - a scroll of teleportation
 k - 3 scrolls of enchant armour
 n - a scroll of noise
 o - a scroll of magic mapping {unknown}
Potions
 d - a potion of might
 f - a potion of mutation {unknown}
 j - a potion of invisibility {unknown}
 l - a potion of flight {unknown}
 m - a potion of berserk rage {unknown}
 p - a potion of brilliance {unknown}
 q - a potion of resistance {unknown}
 r - a potion of lignification {unknown}


   Skills:
 + Level 4.1 Fighting
 + Level 5.4 Axes
 + Level 4.1 Dodging
 + Level 0.5 Stealth
 + Level 4.3 Shields


You had 7 spell levels left.
You didn't know any spells.
Your spell library contained the following spells:

 Spells                   Type           Power      Damage    Failure   Level
 Call Canine Familiar     Summ           0%         N/A       99%         3
 Portal Projectile        Hex/Tloc       0%         N/A       99%         3
 Stone Arrow              Conj/Erth      0%         3d7       99%         3
 Animate Armour           Summ/Erth      0%         N/A       100%        4
 Leda's Liquefaction      Hex/Erth       0%         N/A       100%        4
 Lehudib's Crystal Spear  Conj/Erth      0%         10d2      100%        8


Dungeon Overview and Level Annotations

Branches:
Dungeon (5/15)
 Temple: D:4-7

Altars:
Ashenzari
Dithmenos
Elyvilon
Kikubaaqudgha
Ru
Trog
Uskayaw
Wu Jian
Xom

Shops:
D:4 :

Annotations:
D:3 3 runed translucent doors, Dowan; Duvessa; flestrin's ghost, amateur MfTm; juzbaz's ghost, amateur GrAK; stripedtigrrr's ghost, weakling OpDe
D:5 3 runed translucent doors, ChaosChampion's ghost, novice OpTm; LadyOphelia's ghost, novice DsNe; anet's ghost, novice GnDe; fly's ghost, weakling FoDe


Innate Abilities, Weirdness & Mutations

You are too large for most types of armour.
You have claws for hands.
Your natural rate of healing is unusually fast.
You are covered in fur. (AC +1)
You have tough skin. (AC +1)


Message History

Found 16 stones.
ChaosChampion's ghost whispers, "Everlasting silence awaits you..."
You hear the brisk rusting of a very distant drain.
You see here 15 stones.
Items here: ))))) [[[ ÷ ††.
As you read the scroll labelled XAID XAEDI, it crumbles to dust.
You hear a loud clanging noise!
It was a scroll of noise.
You hear a roar!
There is a stone staircase leading up, spattered with blood here.
An acid dragon comes into view.
The acid dragon spits acid at you. The splash of acid hits you!
The acid corrodes you! The acid dragon spits acid at you.
The splash of acid hits you!! The acid corrodes you!
You block the acid dragon's attack. The acid dragon barely misses you.
You hit the acid dragon but do no damage.
The acid dragon bites you! The acid dragon barely misses you.
You block the acid dragon's attack. The acid dragon claws you.
You slash the acid dragon!
The acid dragon is moderately wounded.
The acid dragon spits acid at you. The splash of acid hits you!!
* * * LOW HITPOINT WARNING * * *
You hit the acid dragon.
The acid dragon is moderately wounded.
You block the acid dragon's attack. The acid dragon barely misses you.
A centaur comes into view.
The acid dragon bites you!
* * * LOW HITPOINT WARNING * * *
The acid dragon claws you.
* * * LOW HITPOINT WARNING * * *
Nothing ails you!
You fail to use your ability.
The acid dragon bites you.
* * * LOW HITPOINT WARNING * * *
The acid dragon claws you. Elyvilon protects you from harm!
The acid dragon spits acid at you. The splash of acid hits you!!!
You die...

.# .# .# #####
(######## ##...##
.....[..# ###.....#
.######.# #.......#
.# #.#####.......#
.######.##.........##
#.......<..#####@..##
...<.......# #....##
..#####....# #.....#
..# ####.# #Dc...#
..# #.# #...#.#
..###### #.. ...##.#
........ .... ..... .
.##.### #####.#### .#
.# # #.


You could see an acid dragon (catching breath) and a centaur.

Vanquished Creatures
  A centaur zombie (D:5)
  3 ogres (D:5)
  2 centaurs (D:4)
  A water moccasin zombie (D:5)
  A water moccasin skeleton (D:5)
  A howler monkey (D:4)
  An orc priest (D:5)
  3 iguanas (D:5)
  2 orc wizards (D:5)
  4 adders
  An adder skeleton (D:4)
  A worm (D:5)
  3 dart slugs
  2 orcs (D:5)
  7 endoplasms
  3 giant cockroaches
  10 hobgoblins
  8 jackals
  5 quokkas
  7 ball pythons
  8 bats
  2 frilled lizards
  5 goblins
  12 kobolds
93 creatures vanquished.

Vanquished Creatures (others)
  3 withered plants (D:3)
3 creatures vanquished.

Grand Total: 96 creatures vanquished

Notes
Turn   | Place    | Note
-------+----------+-------------------------------------------
     0 | D:1      | Astera the Troll Fighter began the quest for the Orb.
     0 | D:1      | Reached XP level 1. HP: 22/22 MP: 0/0
   251 | D:1      | Found a faded altar of an unknown god.
   259 | D:1      | Prayed at the altar of an unknown god.
   259 | D:1      | Became a worshipper of Elyvilon the Healer
   259 | D:1      | Reached * piety under Elyvilon
   304 | D:1      | Reached XP level 2. HP: 28/29 MP: 1/1
   544 | D:1      | Reached skill level 2 in Axes
   846 | D:2      | Reached XP level 3. HP: 32/36 MP: 2/2
   885 | D:2      | Reached ** piety under Elyvilon
  1471 | D:3      | Found a shadowy altar of Dithmenos.
  1479 | D:3      | Reached *** piety under Elyvilon
  1522 | D:3      | Reached XP level 4. HP: 44/44 MP: 3/3
  1591 | D:3      | Found a runed translucent gate.
  1591 | D:3      | Found a runed translucent gate.
  1591 | D:3      | Found a runed translucent gate.
  1602 | D:3      | Noticed stripedtigrrr's ghost (weakling OpDe)
  1602 | D:3      | Noticed flestrin's ghost (amateur MfTm)
  1602 | D:3      | Noticed juzbaz's ghost (amateur GrAK)
  1639 | D:3      | Found an ornate altar of the Wu Jian Council.
  1642 | D:3      | Found a shimmering altar of Xom.
  1652 | D:3      | Found a hide-covered altar of Uskayaw.
  1655 | D:3      | Found a bloodstained altar of Trog.
  1661 | D:3      | Found a sacrificial altar of Ru.
  1666 | D:3      | Found an ancient bone altar of Kikubaaqudgha.
  2009 | D:4      | Found Zacku's Book Boutique.
  2012 | D:4      | Noticed Duvessa
  2012 | D:4      | Noticed Dowan
  2133 | D:4      | Noticed a centaur
  2136 | D:4      | Noticed a centaur
  2140 | D:4      | Killed a centaur
  2141 | D:4      | Reached skill level 3 in Axes
  2141 | D:4      | Reached XP level 5. HP: 15/53 MP: 4/4
  2142 | D:4      | Killed a centaur
  2143 | D:4      | Reached XP level 6. HP: 21/61 MP: 5/5
  2605 | D:5      | Entered Level 5 of the Dungeon
  2677 | D:5      | Reached skill level 4 in Axes
  2677 | D:5      | Reached XP level 7. HP: 62/68 MP: 6/6
  2749 | D:5      | Found a broken altar of Ashenzari.
  2781 | D:5      | Reached skill level 5 in Axes
  2781 | D:5      | Reached XP level 8. HP: 74/78 MP: 7/7
  2861 | D:5      | Found a runed translucent gate.
  2861 | D:5      | Found a runed translucent gate.
  2861 | D:5      | Noticed fly's ghost (weakling FoDe)
  2862 | D:5      | Found a runed translucent gate.
  2862 | D:5      | Noticed anet's ghost (novice GnDe)
  2862 | D:5      | Noticed LadyOphelia's ghost (novice DsNe)
  2862 | D:5      | Noticed ChaosChampion's ghost (novice OpTm)
  2908 | D:5      | Reached **** piety under Elyvilon
  2922 | D:5      | Elyvilon protects you from harm!
  2925 | D:5      | Killed from afar by an acid dragon

Illustrated notes

Levels and vault maps discovered:
D:1:      kilobyte_arrival_exit_the_forest, layout_loops_ring,
          basic_ecumenical_altar
D:2:      layout_loops_ring
D:3:      layout_rooms, nicolae_dithmenos_through_a_glass_darkly,
          nicolae_overflow_hallway_of_the_gods, gammafunk_ghost_cemetery,
          hex_intersection, minivault_24, minmay_misc_feat_iff
D:4:      layout_gridville, serial_shops, nicolae_shop_statue_plus,
          minmay_manual_mares, uniq_duvessa
D:5:      layout_loops_ring, temple_doors_cd, gammafunk_ghost_cemetery,
          gup_sewer_entry_glass, hangedman_decor_clover_reticule,
          minmay_ruined_shrine

Skill      XL: |  1  2  3  4  5  6  7 |
---------------+----------------------+-----
Axes           | 2 3 4 5 |  5.4
Fighting       | 3 4 |  4.1
Dodging        | 3 4 |  4.1
Shields        | 3 4 |  4.3
Stealth        | |  0.5

Action                   |  1- 3 |  4- 6 |  7- 9 || total
-------------------------+-------+-------+-------++-------
Melee: War axe           |   124 |   100 |    78 ||   302
  Use: Scroll            |     3 |     1 |     1 ||     5
Armor: Robe              |    53 |    71 |    23 ||   147
Dodge: Dodged            |    48 |    61 |    26 ||   135
Block: Kite shield       |    67 |    62 |    27 ||   156

Table legend: (Time is in decaauts)
 A = Elapsed time spent in this place.
 B = Non-inter-level travel time spent in this place.
 C = Inter-level travel time spent in this place.
 D = Time resting spent in this place.
 E = Time spent auto-exploring this place.
 F = Levels seen in this place.
 G = Mean time per level.
                   A        B        C        D        E       F      G
               +--------+--------+--------+--------+--------+-----+--------+
         Total |   3100 |   2969 |    131 |     89 |   1809 |   5 |  620.0 |
       Dungeon |   3100 |   2969 |    131 |     89 |   1809 |   5 |  620.0 |
               +--------+--------+--------+--------+--------+-----+--------+

Top non-repeatable levels by time:
     D:1: 851 daAuts
     D:4: 750 daAuts
     D:2: 693 daAuts
     D:3: 513 daAuts
     D:5: 291 daAuts
